 Dungeon Crawl Stone Soup version 0.31.0-32-g396128a36d (webtiles) character file.

Game seed: 530084695551797504

203524 Clxtrp the Peltast (level 19, -2/124 HPs)
             Began as a Gargoyle Earth Elementalist on Mar 18, 2024.
             Was the Champion of Vehumet.
             Hit by a javelin thrown by a merfolk javelineer (16 damage)
             ... on level 4 of the Shoals.
             The game lasted 01:31:08 (45536 turns).

Clxtrp the Peltast (Gargoyle Earth Elementalist)   Turns: 45536, Time: 01:31:08

Health: -2/124     AC: 51    Str: 18    XL:     19   Next: 5%
Magic:  0/31       EV: 14    Int: 23    God:    Vehumet [******]
Gold:   123        SH: 24    Dex: 13    Spells: 7/34 levels left

rFire   . . .        m - +9 sling of the Fresh God {speed, Str+5}
rCold   . . .        a - +1 kite shield {AC+3}
rNeg    + + .        t - +2 pearl dragon scales
rPois   ∞            P - +2 helmet {SInv}
rElec   +            u - +0 cloak of the Mangosteen {rCorr Dex+3}
rCorr   +            B - +2 pair of gloves
SInv    +            h - +2 pair of boots
Will    +....        l - brooch of Shielding {Spirit SH+8} Stlth
                     E - +5 ring of evasion
HPRegen 0.40/turn    T - +4 ring of protection
MPRegen 0.22/turn

%: guardian spirit
@: mighty, flying
A: sickness immunity, AC +14, big wings, negative energy resistance 1,
electricity resistance, torment resistance 1, petrification resistance
a: Renounce Religion


You were on level 4 of the Shoals.
You worshipped Vehumet.
Vehumet was exalted by your worship.
You visited 6 branches of the dungeon, and saw 30 of its levels.
You also visited: Sewer and Ice Cave.

You collected 3374 gold pieces.
You spent 3251 gold pieces at shops.


Innate Abilities, Weirdness & Mutations

You are immune to sickness and miasma.
Your stone body is resilient. (AC +14)
You are immune to poison.
Your large and strong wings let you fly.
You resist negative energy. (rN+)
You are resistant to electric shocks. (rElec)
You are resistant to unholy torment.
You are immune to petrification.


   Skills:
 - Level 15.0 Fighting
 - Level 11.0 Ranged Weapons
 - Level 13.0 Armour
 - Level 1.5 Dodging
 - Level 2.1 Stealth
 - Level 20.4 Shields
 + Level 8.3 Spellcasting
 - Level 14.0 Conjurations
 - Level 16.0 Earth Magic
 - Level 3.0 Evocations


You had 7 spell levels left.
You knew the following spells:

 Your Spells              Type           Power      Damage    Failure   Level
b - Bombard               Conj/Erth      34%        9d6       2%          6
d - Lee's Rapid Deconstr  Erth           35%        3d18*     1%          5
l - Lehudib's Crystal Sp  Conj/Erth      34%        10d9      61%         8
w - Stone Arrow           Conj/Erth      100%       3d13      1%          3
z - Sandblast             Erth           100%       2d20      1%          1
X - Brom's Barrelling Bo  Conj/Erth      68%        2d8       1%          4

Your spell library contained the following spells:

 Spells                   Type           Power      Damage    Failure   Level
 Fireball                 Conj/Fire      20%        3d10      11%         5
 Foxfire                  Conj/Fire      100%       2x1d9     1%          1
 Kiss of Death            Conj/Necr      100%       2d13      1%          1
 Sting                    Conj/Alch      100%       1d9       1%          1
 Hailstorm                Conj/Ice       41%        3d9       1%          3
 Passwall                 Erth           70%        N/A       1%          3
 Animate Armour           Summ/Erth      92%        N/A       9%          4
 Petrify                  Alch/Erth      46%        N/A       9%          4
 Apportation              Tloc           18%        N/A       24%         1
 Necrotise                Necr           36%        1d5       24%         1
 Summon Small Mammal      Summ           36%        N/A       24%         1
 Call Imp                 Summ           18%        N/A       36%         2
 Ensorcelled Hibernation  Hex/Ice        18%        N/A       36%         2
 Jinxbite                 Hex            18%        N/A       36%         2
 Starburst                Conj/Fire      20%        6d7       45%         6
 Call Canine Familiar     Summ           9%         N/A       58%         3
 Confusing Touch          Hex            9%         N/A       58%         3
 Summon Ice Beast         Ice/Summ       9%         N/A       58%         3
 Swiftness                Air            9%         N/A       58%         3
 Yara's Violent Unravell  Hex/Alch       4%         3d4       82%         5
 Anguish                  Hex/Necr       4%         N/A       94%         4
 Cause Fear               Hex            4%         N/A       94%         4
 Dispel Undead            Necr           9%         3d8       94%         4
 Summon Blazeheart Golem  Fire/Summ      9%         N/A       94%         4
 Summon Forest            Summ/Tloc      4%         N/A       100%        5
 Summon Mana Viper        Hex/Summ       9%         N/A       100%        5
 Plasma Beam              Fire/Air       4%         2x1d14    100%        6
 Sculpt Simulacrum        Ice/Alch       4%         N/A       100%        6
 Summon Cactus Giant      Summ           4%         N/A       100%        6
 Enfeeble                 Hex            4%         N/A       100%        7
 Summon Hydra             Summ           4%         N/A       100%        7
 Sublimation of Blood     Necr           Unusable   N/A       N/A         2

Inventory:

Hand Weapons
 m - the +9 sling of the Fresh God (weapon) {speed, Str+5}
   (You found it on level 7 of the Dungeon)

   Str+5:     It affects your strength (+5).
Missiles
 b - 3 curare-tipped darts {=f}
 i - 7 throwing nets {=f}
 r - 22 atropa-tipped darts
Armour
 a - a +1 kite shield of protection (worn)
 h - a +2 pair of boots (worn)
 t - +2 pearl dragon scales (worn)
 u - the +0 cloak of the Mangosteen (worn) {rCorr Dex+3}
   (You acquired it on level 3 of the Lair of Beasts)

   Dex+3:     It affects your dexterity (+3).
   rCorr:     It protects you from acid and corrosion.
 B - a +2 pair of gloves (worn)
 M - a +1 pair of boots of stealth
 P - a +2 helmet of see invisible (worn)
Magical Staves
 S - a staff of earth {!a}
Jewellery
 c - a ring of ice
 l - the brooch of Shielding (around neck) {Spirit SH+8}
   (You found it on level 4 of the Lair of Beasts)

   [amulet of guardian spirit]

   Spirit:    It causes incoming damage to be divided between your reserves of
   health and magic.
   SH+8:      It affects your SH (+8).
 C - a ring of protection from cold
 E - a +5 ring of evasion (left hand)
 T - a +4 ring of protection (right hand)
 Z - a ring of wizardry
Wands
 s - a wand of mindburst (4)
 D - a wand of roots (11)
 G - a wand of light (10)
 J - a wand of charming (20)
 Y - a wand of flame (3)
Scrolls
 d - 2 scrolls of teleportation {@r2}
 e - 4 scrolls of fog
 p - 4 scrolls of fear
 v - 4 scrolls of amnesia
 w - 2 scrolls of butterflies
 x - 2 scrolls of noise
 y - 4 scrolls of immolation
 I - a scroll of blinking
 K - 3 scrolls of poison
 L - a scroll of brand weapon
 N - 8 scrolls of vulnerability
 U - 6 scrolls of revelation
Potions
 f - 4 potions of might
 g - 3 potions of magic
 j - 6 potions of attraction
 k - 3 potions of lignification
 n - 4 potions of resistance
 o - 5 potions of curing {@q1}
 q - 2 potions of invisibility
 z - 4 potions of haste {@q3}
 A - 3 potions of enlightenment
 F - 6 potions of berserk rage {!q}
 O - 3 potions of heal wounds {@q2}
 Q - 4 potions of brilliance
Miscellaneous
 W - a box of beasts (inert)

Dungeon Overview and Level Annotations

Branches:
Dungeon (15/15)            Temple (1/1) D:5            Lair (5/5) D:8
 Shoals (4/4) Lair:2        Snake (3/4) Lair:2        Slime (0/5) Lair:4
    Orc (2/2) D:10            Elf (0/3) Orc:2        Vaults (0/5) D:14
 Depths (0/4) D:15          Sewer (visited)           IceCv (visited)

Altars:
Ashenzari
Cheibriados
Dithmenos
Elyvilon
Fedhas
Gozag
Hepliaklqana
Kikubaaqudgha
Makhleb
Nemelex Xobeh
Okawaru
Qazlal
Ru
Sif Muna
Trog
Uskayaw
Vehumet
Wu Jian
Xom
Yredelemnul
Zin
The Shining One
Jiyva

Shops:
D:6 :(   D:10 ([*   Orc:1 *   Orc:2 =*:(:   Shoals:3 [   Snake:1 [[:[

Portals:
Trove: D:13 (give 10 potions of heal wounds)

Annotations:
D:13 exclusion: obsidian statue
Lair:1 2 transporters, mainiacjoe's ghost, journeyman KoCj
Shoals:3 Mara

######################
######################
######################
######################
######################
#######################
#######§≈k≈≈≈≈@≈≈≈≈≈≈≈≈≈
#######m≈≈≈≈≈≈≈≈≈≈≈≈≈≈≈≈≈
#######≈≈≈≈≈≈≈≈≈≈≈≈≈≈≈≈≈≈
#######≈m≈≈≈≈≈≈≈≈≈≈≈≈≈≈≈≈
#######≈≈≈≈≈≈≈≈≈≈≈≈≈≈≈≈≈≈
#######≈≈≈≈≈≈≈≈≈≈≈≈E≈≈≈≈≈
#######≈≈≈≈≈≈≈≈≈≈≈≈≈≈≈≈≈≈
#######≈≈≈≈≈≈≈≈≈≈≈≈≈≈≈≈≈≈
####≈≈≈≈≈≈≈≈≈≈≈≈≈≈≈≈≈≈


You could see 2 merfolk javelineers, a wind drake (repels missiles) and a water
elemental.


Message History

You shoot a sling bullet.
The sling bullet hits the merfolk javelineer!
The merfolk javelineer is moderately wounded.
The wind drake bites you but does no damage.
The merfolk javelineer throws a silver javelin.
The silver javelin pierces through you!
* * * LOW HITPOINT WARNING * * *
x2 Fire: m) +9 sling of the Fresh God {speed, Str+5}
Press: ? - help, Q - select action, (/) - cycle Shift-Dir - straight line, f/p - merfolk javelineer
Aim: a merfolk javelineer, wielding a +2 dagger of freezing and quivering silver javelins (water, moderately wounded, 70% to hit)
You shoot a sling bullet.
The sling bullet hits the merfolk javelineer!
The merfolk javelineer is heavily wounded.
The wind drake exhales a fierce blast of wind!
You are knocked back by the gust of wind.
You slam into the open sea!
* * * LOW HITPOINT WARNING * * *
The merfolk javelineer is knocked back by the gust of wind.
The merfolk javelineer slams into the open sea!
The merfolk javelineer is heavily wounded.
Blink to where?
Press: ? - help, Dir - move target, p - merfolk javelineer A water elemental comes into view.
As you read the scroll of blinking, it crumbles to dust.
The merfolk javelineer throws a silver javelin.
The silver javelin pierces through you but does no damage.
* * * LOW HITPOINT WARNING * * *
The merfolk javelineer throws a javelin.
The javelin pierces through you!
You die...

Skill      XL: |  1  2  3  4  5  6  7  8  9 10 11 12 13 14 15 16 17 18 19 |
---------------+----------------------------------------------------------+-----
Fighting       | 1 2 3 7 8 10 12 14 15 | 15.0
Conjurations   | 2 3 4 5 6 7 11 12 14 | 14.0
Earth Magic    | 4 5 7 8 10 13 14 15 16 | 16.0
Spellcasting   | 4 5 6 7 8 |  8.3
Evocations     | 3 |  3.0
Armour         | 4 7 13 | 13.0
Ranged Weapons | 4 8 9 10 11 | 11.0
Shields        | 9 12 15 20 | 20.4
Dodging        | |  1.5
Stealth        | |  2.1

Action                     |  1- 3 |  4- 6 |  7- 9 | 10-12 | 13-15 | 16-18 | 19-21 || total
---------------------------+-------+-------+-------+-------+-------+-------+-------++-------
  Melee: War axe           |    31 |       |       |       |       |       |       ||    31
         Short sword       |    82 |    22 |       |       |       |       |       ||   104
         Punch             |     1 |       |     2 |       |       |       |       ||     3
         Dagger            |       |    46 |    54 |       |       |       |       ||   100
         Staff             |       |     8 |    12 |       |       |     5 |       ||    25
   Fire: Sling             |       |       |    83 |   918 |  2810 |  3630 |   159 ||  7600
   Cast: Sandblast         |     2 |    17 |    12 |     2 |     8 |     1 |     1 ||    43
         Stone Arrow       |       |    12 |    79 |    29 |    57 |    26 |    14 ||   217
         Bombard           |       |       |       |       |     7 |     4 |       ||    11
         Brom's Barrelling |       |       |       |       |       |     1 |       ||     1
  Evoke: Box of beasts     |       |       |       |       |       |     2 |       ||     2
    Use: Scroll            |       |       |     8 |     6 |    19 |     6 |     3 ||    42
         Potion            |       |       |     1 |     1 |     4 |     3 |     1 ||    10
   Stab: Sleeping          |     1 |       |       |       |       |       |       ||     1
 Armour: Robe              |    76 |    50 |    48 |   178 |   575 |   434 |       ||  1361
         Scale mail        |       |       |    27 |     7 |       |       |       ||    34
         Acid dragon scale |       |       |       |   132 |       |       |       ||   132
         Pearl dragon scal |       |       |       |       |       |   207 |   145 ||   352
  Dodge: Dodged            |    80 |    65 |    67 |   315 |   505 |   482 |    71 ||  1585
  Block: Kite shield       |       |       |       |       |  1274 |  2006 |   236 ||  3516
         Other             |       |       |       |       |     7 |       |       ||     7

Levels and vault maps discovered:
D:1:      giann_horns, layout_rooms, minmay_unequal
D:2:      layout_rooms, basic_altar, uniq_robin, uniq_jessica
D:3:      layout_basic, nicolae_uskayaw_en_pointe, small_statue_intersection,
          uniq_grinder, uniq_sigmund
D:4:      layout_loops_cross, mainiacjoe_overflow_concentric_impassable
D:5:      layout_rooms, lemuel_doored_altar, minmay_temple_entry_mist,
          mainiacjoe_sewer_entry_somewhere_in_here_2, minmay_misc_feat_tower,
          grunt_ministairs_11
D:6:      layout_basic, jmf_multi_god_temple2, serial_shops, shop,
          nicolae_shop_tiny_waterfront, uniq_eustachio
D:7:      layout_basic, old_standard_altar, chequers_serial_rivers_large_b,
          uniq_menkaure, uniq_jeremiah, uniq_joseph, uniq_maggie
D:8:      layout_basic, grunt_temple_overflow_growth_and_decay,
          gammafunk_temple_overflow_pools, lair_entry_dummy, hex_intersection
D:9:      layout_basic, minmay_misc_feat_tiny
D:10:     minmay_opposing_rooms, layout_loops_ring, orc_david_3,
          grunt_ministairs_15, nicolae_shop_fire_sale [nicolae_sub_dead_trees],
          nrook_campfire, uniq_harold
D:11:     layout_loops_cross, kennysheep_nondescript
D:12:     layout_small_grid
D:13:     layout_basic, nicolae_trove_entry_diagonal, minmay_statue_bubble,
          uniq_nessos
D:14:     layout_cave_pools, ximxim_vaults_locker_room,
          serial_library_hellmonk_h_bend
D:15:     hangedman_depths_entry_try_elsewhere_first, layout_loops_ring,
          uniq_agnes
Temple:   hellmonk_temple_forest_ring
Lair:1:   layout_gridlike, portal_ice_cave_entry_pillars_1, nzn_ghost_randoct
Lair:2:   beast_lair_carwin_large_2, layout_cave_pods,
          nicolae_shoals_entry_roost, minmay_snake_entry_guardpost_small,
          st_stairs_11, lemuel_centaur_altar, grunt_megastairs_2
Lair:3:   layout_chaotic_city
Lair:4:   layout_layer_cave, slime_entry_1, lemuel_fruit_tree, uniq_josephine
Lair:5:   hangedman_lair_tendril_chambers, layout_regular_city,
          eino_house_with_fridge
Shoals:1: layout_shoals, ebering_ghost_xom, nicolae_shoals_flooded_hall
Shoals:2: layout_shoals, nicolae_shoals_stone_sculpture_thing
Shoals:3: layout_shoals, nicolae_shop_dragon_depot, uniq_mara
Shoals:4: shoals_end_hellmonk_holy_island, uniq_nikola
Snake:1:  layout_cave_pods, minmay_shop_grid_forest, uniq_aizul
Snake:2:  layout_misc_corridors, fake_guardian_serpent_vault, uniq_asterion
Snake:3:  layout_rooms
Orc:1:    layout_caves, nicolae_alphabet_shops
Orc:2:    st_orc_pillars, layout_caves, serial_shops, nicolae_shop_peninsula,
          mines5_lemuel, uniq_urug, uniq_jorgrun

Notes
Turn   | Place    | Note
-------+----------+-------------------------------------------
     0 | D:1      | Clxtrp the Gargoyle Earth Elementalist began the quest for
                  | the Orb.
     0 | D:1      | Reached XP level 1. HP: 10/10 MP: 3/3
   242 | D:1      | Reached skill level 1 in Fighting
   281 | D:1      | Reached XP level 2. HP: 17/17 MP: 5/5
   603 | D:1      | Reached skill level 2 in Fighting
   854 | D:2      | Noticed Robin
   864 | D:1      | Reached skill level 2 in Conjurations
   992 | D:1      | Reached XP level 3. HP: 11/21 MP: 6/6
   998 | D:1      | Learned a level 3 spell: Stone Arrow
  1180 | D:2      | Found a hazy altar of Hepliaklqana.
  1245 | D:2      | Noticed Jessica
  1276 | D:2      | Killed Jessica
  1277 | D:2      | Reached skill level 3 in Conjurations
  1277 | D:2      | Reached skill level 4 in Earth Magic
  1277 | D:2      | Reached XP level 4. HP: 18/26 MP: 5/7
  1450 | D:2      | Killed Robin
  2146 | D:3      | Reached skill level 4 in Conjurations
  2146 | D:3      | Reached XP level 5. HP: 28/30 MP: 8/8
  2231 | D:3      | Noticed Sigmund
  2270 | D:3      | Killed Sigmund
  2271 | D:3      | Reached skill level 5 in Earth Magic
  2271 | D:3      | Reached XP level 6. HP: 18/35 MP: 0/9
  2700 | D:3      | Reached skill level 5 in Conjurations
  2700 | D:3      | Reached skill level 6 in Earth Magic
  2853 | D:3      | Identified the +0 scale mail "Gam Qygo" {-Tele MP+9 Slay+5
                  | SInv}
  3208 | D:3      | Noticed Grinder
  3228 | D:3      | Paralysed by Grinder for 4 turns
  3239 | D:3      | Killed Grinder
  3240 | D:3      | Reached skill level 7 in Earth Magic
  3240 | D:3      | Reached XP level 7. HP: 40/40 MP: 0/10
  3245 | D:3      | Learned a level 4 spell: Brom's Barrelling Boulder
  3322 | D:3      | Noticed a +0 dagger
  3327 | D:3      | Noticed a +0 spear
  3328 | D:3      | Noticed a +0 falchion
  3329 | D:3      | Noticed a +0 spear
  3330 | D:3      | Noticed a +0 short sword
  3331 | D:3      | Noticed a +0 dagger
  3346 | D:3      | Noticed a +0 falchion
  3349 | D:3      | Noticed a +0 short sword
  3452 | D:3      | Found a hide-covered altar of Uskayaw.
  3871 | D:4      | Found a basalt altar of Yredelemnul.
  4036 | D:4      | Identified the +0 robe of the Clam {Str+4 Dex+3}
  4171 | D:4      | Reached skill level 8 in Earth Magic
  4260 | D:4      | Reached skill level 3 in Fighting
  4706 | D:5      | Entered Level 5 of the Dungeon
  4854 | D:5      | Found a glowing drain.
  4858 | Sewer    | Entered a sewer
  4917 | Sewer    | Reached XP level 8. HP: 35/48 MP: 0/11
  5112 | Sewer    | Reached skill level 4 in Fighting
  5227 | D:5      | Reached skill level 6 in Conjurations
  5379 | D:5      | Reached skill level 5 in Fighting
  5391 | D:5      | Reached skill level 6 in Fighting
  6042 | D:5      | Reached skill level 7 in Fighting
  6042 | D:5      | Reached skill level 3 in Spellcasting
  6129 | D:5      | Found a shimmering blue altar of Sif Muna.
  6252 | D:5      | Found a staircase to the Ecumenical Temple.
  6265 | D:5      | Reached skill level 4 in Spellcasting
  6265 | D:5      | Reached XP level 9. HP: 57/57 MP: 10/15
  6271 | D:5      | Identified the +7 quarterstaff of the Forest {flame, *Rage
                  | rC+ Will+}
  6539 | D:6      | Found Gunueph's Book Emporium.
  6543 | D:6      | Found Giczeony's Antique Weapon Boutique.
  6546 | D:6      | Reached skill level 8 in Fighting
  6862 | D:6      | Reached skill level 7 in Conjurations
  7069 | Temple   | Entered the Ecumenical Temple
  7080 | Temple   | Became a worshipper of Vehumet
  7331 | D:6      | Reached skill level 1 in Evocations
  7423 | D:6      | Noticed Eustachio
  7428 | D:6      | Killed Eustachio
  7429 | D:6      | Reached skill level 2 in Evocations
  7990 | D:6      | Found a bloodstained altar of Trog.
  8358 | D:6      | Found a snail-covered altar of Cheibriados.
  8364 | D:6      | Reached skill level 2 in Armour
  8364 | D:6      | Reached skill level 3 in Evocations
  8520 | D:7      | Identified the +9 sling of the Fresh God {speed, Str+5}
  8577 | D:7      | Reached skill level 3 in Armour
  8646 | D:7      | Reached skill level 4 in Armour
  8687 | D:7      | Reached skill level 1 in Ranged Weapons
  8713 | D:7      | Reached skill level 2 in Ranged Weapons
  8801 | D:7      | Noticed Joseph
  8819 | D:7      | Killed Joseph
  8819 | D:7      | Reached * piety under Vehumet
  8819 | D:7      | Offered knowledge of Shock by Vehumet.
  8820 | D:7      | Reached skill level 4 in Ranged Weapons
  8820 | D:7      | Reached XP level 10. HP: 24/64 MP: 12/16
  9056 | D:7      | Reached skill level 5 in Ranged Weapons
  9214 | D:7      | Found a shadowy altar of Dithmenos.
  9218 | D:7      | Noticed Menkaure
  9223 | D:7      | Killed Menkaure
  9226 | D:7      | Noticed Jeremiah
  9238 | D:7      | Killed Jeremiah
  9333 | D:7      | Reached skill level 6 in Ranged Weapons
  9411 | D:7      | Noticed Maggie
  9421 | D:7      | Killed Maggie
  9696 | D:8      | Reached skill level 9 in Fighting
  9951 | D:8      | Found a blossoming altar of Fedhas.
  9954 | D:8      | Found an ancient bone altar of Kikubaaqudgha.
  9993 | D:8      | Identified a potion of resistance
 10159 | D:8      | Found a glowing silver altar of Zin.
 10175 | D:8      | Reached skill level 10 in Fighting
 10220 | D:8      | Found a broken altar of Ashenzari.
 10266 | D:8      | Reached ** piety under Vehumet
 10273 | D:8      | Offered knowledge of Sting by Vehumet.
 10335 | D:8      | Found a staircase to the Lair.
 10857 | D:9      | Reached skill level 7 in Ranged Weapons
 11490 | D:10     | Entered Level 10 of the Dungeon
 11510 | D:10     | Reached skill level 8 in Ranged Weapons
 11518 | D:10     | Reached XP level 11. HP: 53/72 MP: 17/17
 11675 | D:10     | Reached skill level 9 in Ranged Weapons
 11724 | D:10     | Noticed a deep elf pyromancer
 11731 | D:10     | Killed a deep elf pyromancer
 11740 | D:10     | HP: 7/72 [killer bee (4)]
 12013 | D:10     | Noticed Harold
 12039 | D:9      | Killed Harold
 12040 | D:9      | Reached skill level 8 in Conjurations
 12580 | D:10     | Noticed a two-headed ogre
 12584 | D:10     | Reached skill level 9 in Conjurations
 12589 | D:10     | Killed a two-headed ogre
 12593 | D:10     | Offered knowledge of Momentum Strike by Vehumet.
 12668 | D:10     | Reached *** piety under Vehumet
 12678 | D:10     | Reached skill level 10 in Conjurations
 12844 | D:10     | Found Zybuafue's Armour Emporium.
 12845 | D:10     | Found a staircase to the Orcish Mines.
 12847 | D:10     | Found Luiteukk's Weapon Emporium.
 12855 | D:10     | Bought a +2 helmet of see invisible for 279 gold pieces
 12884 | D:10     | Found Luagg's Fire Supplies.
 13327 | Lair:1   | Entered Level 1 of the Lair of Beasts
 13332 | Lair:1   | Found a transporter.
 13357 | Lair:1   | Found a frozen archway.
 13363 | IceCv    | Entered an ice cave
 13363 | IceCv    | Noticed a white ugly thing
 13374 | IceCv    | Killed a white ugly thing
 13375 | IceCv    | Reached skill level 11 in Conjurations
 13480 | IceCv    | Found a transporter.
 13487 | IceCv    | Found a transporter.
 13726 | Lair:1   | Found a transporter.
 13752 | Lair:1   | Noticed a six-headed hydra
 13772 | Lair:1   | You fall into a shaft and drop 1 floor!
 13885 | Lair:2   | Offered knowledge of Sticky Flame by Vehumet.
 14074 | Lair:2   | Reached XP level 12. HP: 75/77 MP: 18/18
 14130 | Lair:1   | Reached skill level 12 in Conjurations
 14325 | Lair:1   | Reached skill level 11 in Fighting
 14525 | Lair:1   | Reached **** piety under Vehumet
 14662 | Lair:1   | Reached skill level 12 in Fighting
 14808 | Lair:1   | Noticed mainiacjoe's ghost (journeyman KoCj)
 14839 | Lair:1   | Noticed a catoblepas
 14914 | Lair:1   | Killed a catoblepas
 15083 | Lair:2   | Noticed a catoblepas
 15104 | Lair:1   | Killed a catoblepas
 15105 | Lair:1   | Reached skill level 5 in Spellcasting
 15296 | Lair:2   | Offered knowledge of Hailstorm by Vehumet.
 15318 | Lair:2   | Reached skill level 10 in Ranged Weapons
 15494 | D:6      | Bought a book of Armaments for 432 gold pieces
 15503 | D:6      | Learned a level 8 spell: Lehudib's Crystal Spear
 15756 | Lair:2   | Noticed a catoblepas
 15789 | Lair:1   | Killed a catoblepas
 15823 | Lair:1   | Reached skill level 9 in Earth Magic
 15914 | Lair:2   | Reached skill level 10 in Earth Magic
 16110 | Lair:2   | Reached XP level 13. HP: 63/86 MP: 20/20
 16119 | Lair:2   | Reached skill level 11 in Earth Magic
 16251 | Lair:2   | Found a staircase to the Shoals.
 16277 | Lair:2   | Found a staircase to the Snake Pit.
 16363 | Lair:2   | Reached skill level 12 in Earth Magic
 16579 | Lair:2   | Found an ornate altar of the Wu Jian Council.
 16963 | Lair:2   | Identified 2 scrolls of acquirement
 16963 | Lair:2   | Acquired the amulet of the Iron Devil {Reflect rF+ SH+5}
 17087 | Lair:3   | Reached skill level 1 in Shields
 17216 | Lair:3   | Reached skill level 2 in Shields
 17464 | Lair:3   | Reached ***** piety under Vehumet
 17492 | Lair:3   | Reached skill level 3 in Shields
 17492 | Lair:3   | Reached skill level 13 in Earth Magic
 17516 | Lair:3   | Offered knowledge of Bombard by Vehumet.
 17525 | Lair:3   | Reached skill level 4 in Shields
 18031 | Lair:3   | Acquired the +0 cloak of the Mangosteen {rCorr Dex+3}
 18103 | Lair:4   | Reached skill level 5 in Shields
 18124 | Lair:4   | HP: 4/86 [death yak (19)]
 18472 | Lair:4   | Learned a level 6 spell: Bombard
 18624 | Lair:4   | Reached skill level 6 in Shields
 18717 | Lair:4   | Noticed Josephine
 18730 | Lair:4   | Killed Josephine
 18831 | Lair:4   | Reached skill level 7 in Shields
 19114 | Lair:4   | Reached skill level 8 in Shields
 19330 | Lair:4   | Found a staircase to the Slime Pits.
 19330 | Lair:4   | Found a viscous altar of Jiyva.
 19358 | Lair:4   | Reached skill level 9 in Shields
 19970 | Lair:4   | Found the brooch of Shielding {Spirit SH+8}
 20345 | Lair:4   | Gained mutation: Your large and strong wings let you fly.
                  | [Gargoyle growth]
 20345 | Lair:4   | Reached XP level 14. HP: 77/92 MP: 21/21
 20474 | Lair:5   | Entered Level 5 of the Lair of Beasts
 20547 | Lair:5   | Reached skill level 10 in Shields
 20940 | Lair:5   | Reached skill level 11 in Shields
 21733 | Lair:5   | Reached skill level 12 in Shields
 22630 | Lair:5   | Reached skill level 6 in Spellcasting
 23389 | D:11     | Identified the +1 trident "Paywacs" {venom, rN+ Dex+3}
 24392 | D:12     | Reached skill level 14 in Earth Magic
 24392 | D:12     | Reached XP level 15. HP: 96/96 MP: 24/24
 24474 | D:12     | Reached skill level 13 in Conjurations
 25413 | D:13     | Reached skill level 13 in Shields
 25413 | D:13     | Reached skill level 7 in Spellcasting
 25708 | D:13     | Noticed Nessos
 25726 | D:13     | Killed Nessos
 26206 | D:13     | Found a portal to a secret trove of treasure.
 27181 | D:14     | Offered knowledge of Lee's Rapid Deconstruction by Vehumet.
 27994 | D:14     | Learned a level 5 spell: Lee's Rapid Deconstruction
 28018 | D:14     | Reached skill level 15 in Earth Magic
 28158 | D:14     | Reached skill level 14 in Conjurations
 28253 | D:14     | Identified the +6 great mace "Jynuy" {flame, Dex+3}
 28268 | D:15     | Entered Level 15 of the Dungeon
 28524 | D:15     | Noticed Agnes
 28552 | D:15     | Killed Agnes
 28820 | D:15     | Reached skill level 13 in Fighting
 29456 | D:14     | Found a gate to the Vaults.
 29777 | D:15     | Found a staircase to the Depths.
 29822 | D:15     | Reached skill level 14 in Fighting
 29900 | D:15     | Identified a potion of experience
 30146 | D:6      | Bought a manual of Shields for 960 gold pieces
 30146 | D:6      | Reached skill level 15 in Shields
 30146 | D:6      | Reached XP level 16. HP: 106/106 MP: 26/26
 30700 | Orc:1    | Entered Level 1 of the Orcish Mines
 30714 | Orc:1    | Reached XP level 17. HP: 111/111 MP: 27/27
 30847 | Orc:2    | Entered Level 2 of the Orcish Mines
 30847 | Orc:2    | Noticed Urug
 30853 | Orc:2    | Noticed Jorgrun
 30873 | Orc:1    | Killed Urug
 30874 | Orc:1    | Reached skill level 16 in Shields
 31353 | Orc:1    | Killed Jorgrun
 31619 | Orc:1    | Found Pkhloc's Practical Paraphernalia.
 32439 | Orc:2    | Reached skill level 17 in Shields
 32853 | Orc:2    | Found Quoxu's Jewellery Shoppe.
 32919 | Orc:2    | Found a staircase to the Elven Halls.
 32970 | Orc:2    | Reached ****** piety under Vehumet
 33266 | Orc:2    | Reached skill level 18 in Shields
 33766 | Orc:2    | Offered knowledge of Eringya's Noxious Bog by Vehumet.
 33846 | Orc:2    | Found Cyovub's General Store.
 33849 | Orc:2    | Found Ceapear's Weapon Shop.
 33850 | Orc:2    | Found Mericowa's Book Shop.
 33851 | Orc:2    | Found Sait's Book Boutique.
 33858 | Orc:2    | Bought a potion of heal wounds for 80 gold pieces
 34179 | Snake:1  | Entered Level 1 of the Snake Pit
 34179 | Snake:1  | Identified the serpent talisman of Vudifrue {Will+}
 34179 | Snake:1  | Noticed Aizul
 34246 | Lair:2   | Killed Aizul
 34247 | Lair:2   | Reached skill level 19 in Shields
 34820 | Snake:1  | Reached skill level 20 in Shields
 35117 | Snake:1  | Found Hegef's Book Boutique.
 35118 | Snake:1  | Found Fuzuh's Armour Boutique.
 35119 | Snake:1  | Found Aceipn's Antique Armour Boutique.
 35119 | Snake:1  | Found Itayro's Antique Armour Boutique.
 36004 | Snake:2  | Reached skill level 5 in Armour
 36216 | Snake:2  | Noticed Asterion
 36627 | Snake:2  | HP: 11/111 [burnt (13)]
 36627 | Snake:2  | Killed Asterion
 36650 | Snake:2  | Reached skill level 6 in Armour
 37866 | Snake:2  | HP: 6/111 [naga warrior/+0 scimitar (23)]
 38259 | Snake:3  | Reached skill level 7 in Armour
 38266 | Snake:3  | Offered knowledge of Arcjolt by Vehumet.
 38267 | Snake:3  | Reached XP level 18. HP: 100/116 MP: 26/28
 38279 | Snake:3  | Reached skill level 16 in Earth Magic
 39194 | Snake:3  | Reached skill level 8 in Armour
 39201 | Snake:3  | Reached skill level 11 in Ranged Weapons
 39232 | Snake:3  | Acquired 454 gold pieces
 39574 | Shoals:1 | Entered Level 1 of the Shoals
 39706 | Shoals:1 | Reached skill level 9 in Armour
 39803 | Shoals:1 | Found a runed translucent door.
 39803 | Shoals:1 | Found a shimmering altar of Xom.
 39803 | Shoals:1 | Noticed Lemonizer's ghost (journeyman HuNe)
 40215 | Shoals:1 | Reached skill level 10 in Armour
 41000 | Shoals:1 | Killed Lemonizer's ghost
 41001 | Shoals:1 | Reached skill level 11 in Armour
 42052 | Shoals:2 | Reached skill level 12 in Armour
 42601 | Orc:1    | Bought +0 pearl dragon scales for 1500 gold pieces
 43079 | Shoals:2 | Offered knowledge of Fireball by Vehumet.
 43205 | Shoals:2 | Identified the +2 falchion of Wisdom {spect, Dex+3}
 43421 | Shoals:3 | Noticed Mara
 43425 | Shoals:3 | Noticed Clxtrp's illusion
 43457 | Shoals:3 | Reached skill level 13 in Armour
 43659 | Shoals:3 | Found Tanenaga's Dragon-Slaying Spoils.
 44420 | Shoals:3 | Reached skill level 15 in Fighting
 44814 | Shoals:4 | Entered Level 4 of the Shoals
 44919 | Shoals:4 | Noticed Nikola
 45076 | Shoals:3 | Killed Nikola
 45077 | Shoals:3 | Reached XP level 19. HP: 79/124 MP: 9/30
 45216 | Shoals:3 | Reached skill level 8 in Spellcasting
 45536 | Shoals:4 | Hit by a javelin thrown by a merfolk javelineer

Vanquished Creatures
  Nikola (Shoals:3)
  Jorgrun (Orc:1)
  Agnes (D:15)
  Aizul (Lair:2)
  A nagaraja (Snake:3)
  The ghost of Lemonizer the Lord of Darkness, a journeyman HuNe of Kikubaaqudgha (Shoals:1)
  Nessos (D:13)
  A dire elephant (D:15)
  7 merfolk impalers
  2 merfolk javelineers
  Josephine (Lair:4)
  3 vault guards
  An ogre mage (D:15)
  6 boulder beetles
  Harold (D:9)
  7 anacondas
  A hydra (D:15)
  3 catoblepae (Lair:1)
  2 merfolk avatars (Shoals:3)
  3 centaur warriors
  An alligator snapping turtle (Shoals:2)
  A tengu warrior (D:14)
  2 merfolk aquamancers (Shoals:1)
  9 death yaks
  6 two-headed ogres
  Urug (Orc:1)
  A dancing weapon (Shoals:1)
  2 satyrs
  A holy swine (Shoals:3)
  5 naga warriors
  5 orc high priests (Orc:2)
  4 shock serpents
  10 naga sharpshooters
  5 skysharks
  11 skeletal warriors
  2 salamander mystics
  5 sea snakes
  8 mana vipers
  A cherub (Shoals:4)
  4 naga ritualists
  12 harpies
  A necromancer (Lair:5)
  2 deep elf pyromancers
  A wolf spider (D:15)
  7 orc knights
  8 fauns
  15 manticores
  5 cyclopes
  An orc sorcerer (Orc:2)
  7 salamanders
  5 ugly things
  A kobold blastminer (Orc:2)
  Joseph (D:7)
  33 black mambas
  11 naga magi
  12 elephants
  5 merfolk sirens
  4 guardian serpents
  24 cane toads
  A gargoyle (D:13)
  4 water nymphs
  Jeremiah (D:7)
  2 kobold demonologists (D:13)
  2 unseen horrors
  An unseen horror (shapeshifter) (D:12)
  Maggie (D:7)
  13 komodo dragons
  An efreet (D:15)
  2 rime drakes
  4 yaktaurs (D:15)
  A freezing wraith (D:15)
  A tengu conjurer (D:14)
  7 trolls
  6 wind drakes
  A polar bear (shapeshifter) (D:12)
  A wolf spider simulacrum (D:14)
  32 merfolk
  2 hornets (Lair:5)
  4 polar bears
  7 snapping turtles
  Grinder (D:3)
  11 blink frogs
  4 dream sheep
  Sigmund (D:3)
  14 slime creatures
  A culicivora (shapeshifter) (D:15)
  8 wraiths
  2 water elementals (Shoals:3)
  A centaur simulacrum (D:10)
  7 humans (D:14)
  19 wyverns
  A vampire (D:10)
  7 basilisks
  21 yaks
  Eustachio (D:6)
  4 wargs
  2 steam dragons
  9 vampire mosquitoes
  3 death yak simulacra (Lair:5)
  3 redbacks
  Menkaure (D:7)
  26 nagas
  2 hydra simulacra (Lair:5)
  An acid dragon (D:10)
  21 water moccasins
  2 ice beasts
  2 sky beasts
  4 black bears
  34 orc warriors
  10 ogres
  A crocodile (Sewer)
  12 centaurs
  23 wolves
  2 phantoms
  3 kobold brigands
  2 gnoll sergeants
  A brain worm (Sewer)
  10 bullfrogs
  A cane toad simulacrum (IceCv)
  3 scorpions
  4 wights (D:8)
  24 killer bees
  An elephant simulacrum (Lair:5)
  5 hounds
  6 jellies
  29 orc priests
  4 sleepcaps
  Jessica (D:2)
  8 iguanas
  10 orc wizards
  A hell rat (Lair:5)
  2 polar bear simulacra (IceCv)
  A wolf simulacrum (IceCv)
  Robin (D:2)
  12 gnolls
  5 adders
  A shadow imp (D:5)
  2 white imps
  5 hell rat simulacra (Lair:5)
  2 ufetubi (D:6)
  3 dart slugs
  A ribbon worm (D:2)
  62 orcs
  5 ball pythons
  5 endoplasms
  2 giant cockroaches
  17 goblins
  9 hobgoblins
  3 quokkas
  8 bats
  3 frilled lizards (D:1)
  11 kobolds
  A rat (D:2)
913 creatures vanquished.

Vanquished Creatures (collateral kills)
  Asterion (Snake:2)
  A naga warrior (Snake:2)
  A boulder (Orc:2)
3 creatures vanquished.

Vanquished Creatures (others)
  A vault guard (D:14)
  A mana viper (Snake:3)
  A naga (Snake:2)
  An orc (Orc:2)
4 creatures vanquished.

Grand Total: 920 creatures vanquished

Table legend: (Time is in decaauts)
 A = Elapsed time spent in this place.
 B = Non-inter-level travel time spent in this place.
 C = Inter-level travel time spent in this place.
 D = Time resting spent in this place.
 E = Time spent auto-exploring this place.
 F = Levels seen in this place.
 G = Mean time per level.
                   A        B        C        D        E       F      G
               +--------+--------+--------+--------+--------+-----+--------+
         Total |  43260 |  39864 |   3396 |  10304 |  21097 |  32 | 1351.9 |
       Dungeon |  20805 |  18372 |   2433 |   4071 |  11016 |  15 | 1387.0 |
        Temple |     22 |      1 |     21 |      0 |      0 |   1 |   22.0 |
          Lair |   8846 |   8362 |    484 |   2040 |   4471 |   5 | 1769.2 |
        Shoals |   4968 |   4811 |    157 |    821 |   2521 |   4 | 1242.0 |
     Snake Pit |   4732 |   4590 |    142 |   1447 |   2097 |   3 | 1577.3 |
  Orcish Mines |   3274 |   3118 |    156 |   1501 |    900 |   2 | 1637.0 |
         Sewer |    351 |    351 |      0 |    224 |     91 |   1 |  351.0 |
      Ice Cave |    258 |    258 |      0 |    199 |      1 |   1 |  258.0 |
               +--------+--------+--------+--------+--------+-----+--------+

Top non-repeatable levels by time:
 Snake:2: 2809 daAuts
  Lair:4: 2596 daAuts
     D:6: 2103 daAuts
   Orc:1: 2078 daAuts
  Lair:5: 2007 daAuts
    D:13: 1986 daAuts
    D:10: 1684 daAuts
     D:8: 1681 daAuts
Shoals:2: 1670 daAuts
  Lair:2: 1648 daAuts
  Lair:1: 1599 daAuts
     D:3: 1555 daAuts
     D:5: 1543 daAuts
Shoals:1: 1491 daAuts
     D:7: 1479 daAuts

Table legend:
 A = Non-vault XP
 B = Vault XP
 C = Vault XP percentage of total XP
 D = Non-vault monster count
 E = Vault monster count
 F = Vault count percentage of total count
                 A         B        C        D         E       F
            +---------+---------+-------+---------+---------+-------
      Total |  199845 |   69149 |  25.7 |     664 |     252 |  27.5
            +---------+---------+-------+---------+---------+-------
        D:1 |      29 |       7 |  19.4 |      17 |       4 |  19.0
        D:2 |      37 |      68 |  64.8 |      13 |      10 |  43.5
        D:3 |     111 |     506 |  82.0 |      17 |       2 |  10.5
        D:4 |     231 |       0 |   0.0 |      10 |       0 |   0.0
        D:5 |    1113 |     258 |  18.8 |      20 |       3 |  13.0
        D:6 |     628 |     516 |  45.1 |      17 |       3 |  15.0
        D:7 |    1181 |    1257 |  51.6 |      31 |       4 |  11.4
        D:8 |    1998 |       0 |   0.0 |      33 |       0 |   0.0
        D:9 |     652 |     857 |  56.8 |      10 |       1 |   9.1
       D:10 |    2484 |    3241 |  56.6 |      21 |      17 |  44.7
       D:11 |    4204 |       0 |   0.0 |      12 |       0 |   0.0
       D:12 |    7324 |       0 |   0.0 |      22 |       0 |   0.0
       D:13 |    9414 |    1047 |  10.0 |      18 |       1 |   5.3
       D:14 |   10528 |    3126 |  22.9 |      21 |       9 |  30.0
       D:15 |   10501 |    5142 |  32.9 |      21 |       6 |  22.2
     Lair:1 |    9722 |    1153 |  10.6 |      37 |       3 |   7.5
     Lair:2 |    4559 |    6343 |  58.2 |      22 |      21 |  48.8
     Lair:3 |    5050 |       0 |   0.0 |      17 |       0 |   0.0
     Lair:4 |   12178 |    2970 |  19.6 |      34 |      10 |  22.7
     Lair:5 |    9892 |   10979 |  52.6 |      24 |      47 |  66.2
   Shoals:1 |   12261 |    7166 |  36.9 |      23 |      14 |  37.8
   Shoals:2 |   18759 |       0 |   0.0 |      37 |       0 |   0.0
   Shoals:3 |   13236 |    3091 |  18.9 |      26 |       3 |  10.3
   Shoals:4 |    5136 |    1781 |  25.7 |      11 |       5 |  31.2
    Snake:1 |   17468 |       0 |   0.0 |      34 |       0 |   0.0
    Snake:2 |   22361 |    2377 |   9.6 |      41 |       3 |   6.8
    Snake:3 |   15649 |       0 |   0.0 |      31 |       0 |   0.0
      Orc:1 |    1574 |    5105 |  76.4 |      22 |      16 |  42.1
      Orc:2 |    1565 |   11260 |  87.8 |      22 |      61 |  73.5
      Sewer |       0 |     214 | 100.0 |       0 |       4 | 100.0
      IceCv |       0 |     685 | 100.0 |       0 |       5 | 100.0
            +---------+---------+-------+---------+---------+-------
